 Dungeon Crawl Stone Soup version 0.21.1-72-gffa868e (webtiles) character file.

47 taaruk the Poker (level 3, -2/34 HPs)
             Began as a Minotaur Berserker on Aug 5, 2018.
             Was a Believer of Trog.
             Slain by a hobgoblin
             ... wielding a +0 club
             ... led by Robin
              (8 damage)
             ... on level 2 of the Dungeon on Aug 6, 2018.
             The game lasted 00:05:06 (1412 turns).

taaruk the Poker (Minotaur Berserker)               Turns: 1412, Time: 00:05:06

Health: -2/34      AC:  2    Str: 22    XL:     3   Next: 48%
Magic:  2/2        EV: 12    Int:  4    God:    Trog [**....]
Gold:   149        SH:  0    Dex:  9    Spells: 2/2 levels left

rFire    . . .     SeeInvis .   a - +0 spear
rCold    . . .     Gourm    .   (no shield)
rNeg     . . .     Faith    .   b - +0 animal skin
rPois    .         Spirit   .   (helmet restricted)
rElec    .         Reflect  .   (no cloak)
rCorr    .         Harm     .   (no gloves)
MR       ++...                  (no boots)
Stlth    +.........             (no amulet)
HPRegen  1.11/turn              (no ring)
MPRegen  0.08/turn              (no ring)

@: regenerating
A: retaliatory headbutt, horns 2
a: Berserk, Trog's Hand, Burn Spellbooks, Renounce Religion


You were on level 2 of the Dungeon.
You worshipped Trog.
Trog was pleased with you.
You were hungry.

You visited 1 branch of the dungeon, and saw 2 of its levels.

You collected 149 gold pieces.

Inventory:

Hand Weapons
 a - a +0 spear (weapon)
Armour
 b - a +0 animal skin (worn)
Scrolls
 d - a scroll of blinking {unknown}
 e - 2 scrolls of immolation {unknown}
 g - a scroll of identify {unknown}
Potions
 f - a potion of agility {unknown}
 i - a potion of curing {unknown}
 j - a potion of invisibility {unknown}
 k - a potion of brilliance {unknown}
Comestibles
 c - 3 rations


   Skills:
 + Level 4.3 Fighting
 + Level 4.4 Polearms
 + Level 2.6 Armour
 + Level 2.6 Dodging
 + Level 0.3 Stealth


You had 2 spell levels left.
You didn't know any spells.

Dungeon Overview and Level Annotations

Branches:
Dungeon (2/15)

Altars:
Dithmenos

Annotations:
D:2 Robin


Innate Abilities, Weirdness & Mutations

You reflexively headbutt those who attack you in melee.
You have a pair of horns on your head.


Message History

You are too injured to fight recklessly!
You are too injured to fight recklessly!
You are too injured to fight recklessly!
You are too injured to fight recklessly!
You are too injured to fight recklessly!
You are too injured to fight recklessly!
You are feeling hungry.
You puncture the hobgoblin!
You kill the hobgoblin!
Trog accepts your kill. The hobgoblin hits you with a club.
* * * LOW HITPOINT WARNING * * *
The goblin hits you with a dagger.
* * * LOW HITPOINT WARNING * * *
Your skin crawls.
You feel resistant to hostile enchantments.
You feel somewhat more hungry. The hobgoblin hits you.
* * * LOW HITPOINT WARNING * * *
The goblin hits you but does no damage. The hobgoblin hits you with a club!
You die...

...... ...........#
##.... ...........#
##... ...........#
##.... ...........#
...... ...........#
..##..
......g....#######.# #..
......ggg..........##..#
#@# #PPPPP#).... #?#
#P...P..##...
#.####P...P..##...
###.........P.....#.
##...###.PPPPP..####.
#...................#
#.........#......###.#
#.....###.#......# #..
........ #.############


You could see Robin, 2 hobgoblins and a goblin.

Vanquished Creatures
  5 leopard geckos
  3 bats (D:1)
  7 goblins
  7 hobgoblins (D:2)
  7 jackals (D:2)
  2 kobolds (D:1)
  A ball python (D:2)
  A rat (D:1)
  A fungus (D:2)
34 creatures vanquished.

Notes
Turn   | Place    | Note
-------+----------+-------------------------------------------
     0 | D:1      | taaruk the Minotaur Berserker began the quest for the Orb.
     0 | D:1      | Reached XP level 1. HP: 19/19 MP: 0/0
   574 | D:1      | Reached XP level 2. HP: 27/27 MP: 1/1
  1110 | D:2      | Reached XP level 3. HP: 7/33 MP: 2/2
  1132 | D:2      | Found a shadowy altar of Dithmenos.
  1404 | D:2      | Noticed Robin
  1405 | D:2      | Reached ** piety under Trog
  1412 | D:2      | Slain by a hobgoblin

Skill      XL: |  1 |
---------------+----+-----
Polearms       | 4 |  4.4
Fighting       | 4 |  4.3
Armour         | |  2.6
Dodging        | |  2.6
Stealth        | |  0.3

Action                   || total
-------------------------++-------
Melee: Spear             ||    62
       Headbutt          ||     7
Invok: Trog's Hand       ||     1
 Stab: Sleeping          ||     1
  Eat: Chunk             ||     1
Armor: Animal skin       ||    13
Dodge: Dodged            ||    33
